 Dungeon Crawl Stone Soup version 0.21.1-1-g345015fe64 (webtiles) character file.

2852 Henning the Cleaver (level 9, 0/80 HPs)
             Began as a Minotaur Berserker on June 13, 2018.
             Was a High Priest of Trog.
             Slain by an orc warrior
             ... wielding a +0 trident
              (12 damage)
             ... on level 7 of the Dungeon.
             The game lasted 00:16:20 (5219 turns).

Henning the Cleaver (Minotaur Berserker)            Turns: 5219, Time: 00:16:21

Health: 0/80       AC: 15    Str: 24    XL:     9   Next: 46%
Magic:  8/8        EV: 10    Int:  4    God:    Trog [*****.]
Gold:   231        SH:  0    Dex: 11    Spells: 8/8 levels left

rFire    . . .     SeeInvis .   a - +0 hand axe
rCold    . . .     Gourm    .   (no shield)
rNeg     . . .     Faith    .   l - +2 chain mail {rPois}
rPois    +         Spirit   .   (helmet restricted)
rElec    .         Reflect  .   (no cloak)
rCorr    .         Harm     .   n - +0 pair of gloves (curse)
MR       .....                  j - +0 pair of boots
Stlth    ..........             (no amulet)
HPRegen  0.23/turn              g - ring of flight
MPRegen  0.11/turn              (no ring)

@: no status effects
A: retaliatory headbutt, horns 2
a: Berserk, Trog's Hand, Brothers in Arms, Burn Spellbooks, Renounce Religion,
Evoke Flight


You were on level 7 of the Dungeon.
You worshipped Trog.
Trog was extremely pleased with you.
You were not hungry.

You visited 2 branches of the dungeon, and saw 8 of its levels.
You also visited: Ossuary.

You collected 231 gold pieces.

Inventory:

Hand Weapons
 a - a +0 hand axe (weapon)
 E - a +1 hand axe of draining
Armour
 j - a +0 pair of boots (worn)
 l - a +2 chain mail of poison resistance (worn)
 n - a cursed +0 pair of gloves (worn)
Jewellery
 g - a ring of flight (left hand)
 B - a cursed ring of loudness {unknown}
Wands
 m - a wand of flame (34)
Scrolls
 b - 9 scrolls of remove curse {unknown}
 e - 3 scrolls of enchant armour {unknown}
 f - 7 scrolls of identify {unknown}
 h - a scroll of immolation {unknown}
 i - 3 scrolls of enchant weapon {unknown}
 k - 6 scrolls of teleportation {unknown}
 o - a scroll of magic mapping {unknown}
 p - a scroll of fog {unknown}
 t - a scroll of blinking {unknown}
 w - a scroll of noise {unknown}
 x - a scroll of fear {unknown}
 y - a scroll of holy word {unknown}
Potions
 d - 2 potions of might {unknown}
 q - a potion of cancellation {unknown}
 r - 2 potions of lignification {unknown}
 s - a potion of agility {unknown}
 u - a potion of curing {unknown}
 v - 2 potions of ambrosia {unknown}
 A - a potion of brilliance {unknown}
 C - a potion of heal wounds {unknown}
 D - a potion of haste
Comestibles
 c - 11 rations


   Skills:
 + Level 7.6 Fighting
 + Level 11.8 Axes
 + Level 7.3 Armour
 + Level 4.1 Dodging
 + Level 1.4 Stealth


You had 8 spell levels left.
You didn't know any spells.

Dungeon Overview and Level Annotations

Branches:
Dungeon (7/15)             Temple (1/1) D:4

Altars:
Cheibriados
Dithmenos
Elyvilon
Gozag
Hepliaklqana
Kikubaaqudgha
Makhleb
Nemelex Xobeh
Okawaru
Qazlal
Ru
Trog
Vehumet
Wu Jian
Xom
Yredelemnul
Zin
The Shining One


Innate Abilities, Weirdness & Mutations

You reflexively headbutt those who attack you in melee.
You have a pair of horns on your head.


Message History

The orc warrior closely misses you.
Your chain mail prevents you from hitting the orc warrior.
The orc warrior is lightly wounded.
The orc wizard casts a spell.
The orc wizard blinks!
You hit the orc warrior but do no damage.
You headbutt the orc warrior, but do no damage.
The orc warrior is lightly wounded.
The orc warrior hits you with a trident.
You closely miss the orc warrior.
The orc warrior is lightly wounded.
The orc warrior barely misses you.
You closely miss the orc warrior.
The orc warrior is lightly wounded.
You hit the orc warrior but do no damage.
The orc warrior is lightly wounded.
The orc warrior hits you with a trident!
* * * LOW HITPOINT WARNING * * *
The orc warrior hits you from afar with a trident!
You die... ..ooo

#......#.######.#. ....o.
#......#........#<
......####......##.........
......o.##.................
......#o#####'###....).....
#+#+# #.# #.# #.....)....
#o# #.# #..........
#o#####.# #.#..######
#oo.@...# #.#..# #########
#.#..# ..#..# # #..# ...#


You could see an orc warrior, an orc priest and an orc wizard.

Vanquished Creatures
  Prince Ribbit (D:5)
  A hungry ghost (D:7)
  Duvessa (D:7)
  Menkaure (D:7)
  An orc warrior (D:6)
  A necrophage (D:5)
  A sky beast (D:5)
  4 ogres
  A centaur (D:6)
  Blork the orc (D:4)
  An elf zombie (Ossuary)
  2 bullfrogs
  Dowan (D:7)
  A scorpion (D:6)
  A troll zombie (Ossuary)
  A howler monkey (D:5)
  4 crimson imps
  A centaur zombie (Ossuary)
  2 hounds
  4 orc priests
  7 worker ants
  10 orc wizards
  3 ogre zombies (Ossuary)
  7 mummies (Ossuary)
  A hound skeleton (D:5)
  6 adders
  A shadow imp (D:6)
  An ooze (D:4)
  6 adder zombies
  2 worms
  2 leopard geckos
  28 orcs
  5 giant cockroaches
  A gnoll zombie (Ossuary)
  7 hobgoblins
  6 jackals (D:4)
  4 quokkas
  5 bats
  A frilled lizard (D:3)
  8 goblins
  2 goblin zombies (Ossuary)
  2 hobgoblin zombies (Ossuary)
  9 kobolds
  6 kobold zombies (Ossuary)
  An orc zombie (Ossuary)
  3 quokka zombies (Ossuary)
  6 rats
  4 rat zombies (Ossuary)
175 creatures vanquished.

Notes
Turn   | Place    | Note
-------+----------+-------------------------------------------
     0 | D:1      | Henning the Minotaur Berserker began the quest for the Orb.
     0 | D:1      | Reached XP level 1. HP: 19/19 MP: 0/0
   256 | D:1      | Reached XP level 2. HP: 18/27 MP: 1/1
   827 | D:2      | Reached skill level 4 in Axes
   847 | D:2      | Reached XP level 3. HP: 32/33 MP: 2/2
   917 | D:2      | Reached ** piety under Trog
  1027 | D:2      | Reached XP level 4. HP: 40/41 MP: 3/3
  1034 | D:2      | Reached skill level 5 in Axes
  1109 | D:2      | Noticed an ogre
  1112 | D:2      | Killed an ogre
  1112 | D:2      | Reached XP level 5. HP: 47/47 MP: 4/4
  1294 | D:3      | Found a glowing silver altar of Zin.
  1689 | D:3      | Reached skill level 5 in Fighting
  1804 | D:4      | Reached skill level 6 in Axes
  1838 | D:4      | Reached XP level 6. HP: 46/56 MP: 5/5
  1870 | D:4      | Reached *** piety under Trog
  2017 | D:4      | Noticed Blork the orc
  2026 | D:4      | Killed Blork the orc
  2026 | D:4      | Reached skill level 1 in Stealth
  2083 | D:4      | Reached skill level 7 in Axes
  2109 | D:4      | Reached XP level 7. HP: 47/61 MP: 6/6
  2127 | D:4      | Found a staircase to the Ecumenical Temple.
  2163 | D:4      | Found a sand-covered staircase.
  2190 | Ossuary  | Entered an ossuary
  2539 | Ossuary  | Reached skill level 8 in Axes
  2665 | Ossuary  | Reached **** piety under Trog
  2897 | Temple   | Entered the Ecumenical Temple
  3142 | D:5      | Entered Level 5 of the Dungeon
  3157 | D:5      | Reached skill level 5 in Armour
  3188 | D:5      | Noticed Prince Ribbit
  3197 | D:5      | Killed Prince Ribbit
  3197 | D:5      | Reached skill level 9 in Axes
  3197 | D:5      | Reached XP level 8. HP: 49/70 MP: 7/7
  3695 | D:5      | Reached skill level 10 in Axes
  4017 | D:6      | Reached XP level 9. HP: 63/79 MP: 8/8
  4082 | D:6      | Found an iron altar of Okawaru.
  4198 | D:6      | Reached skill level 11 in Axes
  4210 | D:6      | Reached ***** piety under Trog
  4516 | D:6      | Found a stormy altar of Qazlal.
  4693 | D:6      | Found a shadowy altar of Dithmenos.
  4774 | D:6      | You fall through a shaft!
  4854 | D:7      | Paralysed by fainting for 10 turns
  4906 | D:7      | Noticed Duvessa
  4907 | D:7      | Noticed Dowan
  4920 | D:7      | Killed Duvessa
  4926 | D:7      | Killed Dowan
  5182 | D:7      | Noticed Menkaure
  5190 | D:7      | Killed Menkaure
  5219 | D:7      | Slain by an orc warrior

Skill      XL: |  1  2  3  4  5  6  7  8  9 |
---------------+----------------------------+-----
Fighting       | 4 5 6 7 |  7.6
Axes           | 4 5 6 7 9 10 11 | 11.8
Armour         | 3 5 6 7 |  7.3
Dodging        | 3 4 |  4.1
Stealth        | 1 |  1.4

Action                   |  1- 3 |  4- 6 |  7- 9 || total
-------------------------+-------+-------+-------++-------
Melee: Hand axe          |    64 |    94 |   391 ||   549
       Headbutt          |     5 |    18 |    84 ||   107
Invok: Berserk           |       |     2 |     1 ||     3
       Burn Spellbooks   |       |       |     1 ||     1
       Trog's Hand       |       |       |     1 ||     1
  Eat: Chunk             |       |     6 |     7 ||    13
       Ration            |       |       |     2 ||     2
Armor: Animal skin       |     8 |       |       ||     8
       Leather armour    |     5 |       |       ||     5
       Chain mail        |    16 |    42 |   161 ||   219
Dodge: Dodged            |    44 |    37 |   124 ||   205
